 Dungeon Crawl Stone Soup version 0.16-a0-4088-g7c8221e (webtiles) character file.

6209 iRony the Fighter (level 10, -1/83 HPs)
             Began as a Demonspawn Berserker on Feb 23, 2015.
             Was a High Priest of Trog.
             Killed from afar by an electric eel (10 damage)
             ... with a bolt of electricity
             ... on level 8 of the Dungeon.
             The game lasted 01:22:37 (10202 turns).

iRony the Fighter (Demonspawn Berserker)           Turns: 10202, Time: 01:22:38

Health: -1/83      AC: 17    Str: 18 (21) XL:     10   Next: 61%
Magic:  15/15      EV: 11    Int: 11      God:    Trog [*****.]
Gold:   82         SH:  2    Dex: 12      Spells: 0 memorised, 9 levels left

rFire  + + .     SeeInvis .     y - +2 glaive (elec)
rCold  + . .     Clarity  .     E - +3 scale mail {rF+}
rNeg   . . .     SustAb   .     (no shield)
rPois  +         Gourm    .     (helmet restricted)
rElec  .         Spirit   .     K - +1 cloak {rPois} (curse)
rCorr  .         Warding  .     (no gloves)
rMut   .         Stasis   .     (no boots)
MR     .....                    (no amulet)
Stlth  ..........               L - +2 ring of protection
                                d - ring of poison resistance

@: very slightly contaminated, not resistant to hostile enchantments, extremely
unstealthy
A: beak, horns 1, talons 2, large bone plates 1, clever 1, cold resistance 1,
fire resistance 1, foul stench 2, screaming 1, slow healing 1, rot immunity
a: Burn Spellbooks, Berserk, Trog's Hand, Brothers in Arms, Renounce Religion


You were on level 8 of the Dungeon.
You worshipped Trog.
Trog was extremely pleased with you.
You were not hungry.

You visited 1 branch of the dungeon, and saw 8 of its levels.
You also visited: Ossuary.

You collected 432 gold pieces.
You spent 350 gold pieces at shops.

Inventory:

Hand weapons
 p - a +0 whip of flaming
 v - a cursed +2 quarterstaff of chaos
 y - a +2 glaive of electrocution (weapon)
 C - a cursed +2 whip of venom
 D - a +3 spear
Armour
 E - a +3 scale mail of fire resistance (worn)
 K - a cursed +1 cloak of poison resistance (worn)
Jewellery
 d - a ring of poison resistance (left hand)
 f - a cursed ring of teleportation
 L - a +2 ring of protection (right hand)
Magical devices
 k - a wand of confusion (0)
 o - a wand of frost (13)
 w - a wand of draining (6)
 x - a wand of frost (8)
 A - a wand of teleportation (3)
 B - a wand of digging (11)
 G - a wand of invisibility (0)
 H - a wand of random effects (26)
 M - a wand of draining (7)
Scrolls
 l - 7 scrolls of teleportation
 m - a scroll of magic mapping
 q - a scroll of holy word {unknown}
 t - a scroll of immolation
 z - a scroll of remove curse
 F - a scroll of summoning
 O - a scroll of recharging
 S - a scroll of random uselessness {unknown}
Potions
 a - a potion of cancellation {unknown}
 g - 3 potions of restore abilities
 h - 2 potions of agility
 i - 2 potions of curing
 s - a potion of resistance {unknown}
 u - 2 potions of haste
 N - a potion of ambrosia
 Q - a potion of lignification
 R - a potion of magic {unknown}
Books
 e - a book of Battle

   Spells                             Type                      Level
   a - Infusion                       Charms                       1
   b - Shroud of Golubria             Charms/Translocation         2
   c - Song of Slaying                Charms                       2
   d - Spectral Weapon                Hexes/Charms                 3
   e - Regeneration                   Charms/Necromancy            3
   Trog disapproves of the use of such an item.
Comestibles
 b - a royal jelly
 c - 8 bread rations
 I - 2 beef jerkies
 T - 3 fruits


   Skills:
 * Level 9.0 Fighting
   Level 4.3 Long Blades
 - Level 0.8 Maces & Flails
 + Level 7.4 Polearms
 + Level 8.5 Armour
 - Level 3.8 Dodging
 - Level 3.4 Evocations


You had 9 spell levels left.
You didn't know any spells.

Dungeon Overview and Level Annotations

Branches:
Dungeon (8/15)             Temple (0/1) D:4
   Lair: D:8-11

Altars:
Xom

Shops:
D:7 ==?!


Innate Abilities, Weirdness & Mutations

You have razor-sharp toenails.
You are partially covered in large bone plates (AC +2, SH +2).
Your flesh is cold resistant.
You radiate miasma.
You are immune to rotting.
You have a beak for a mouth.
You have a pair of small horns on your head.
Your mind is acute. (Int +2)
Your flesh is heat resistant.
You occasionally shout uncontrollably at your foes.
You heal slowly when monsters are visible.


Message History

The electric eel shoots out a bolt of lightning at you!
The bolt of electricity hits you!
* * * LOW HITPOINT WARNING * * *
The electric eel shoots out a bolt of lightning at you!
The bolt of electricity misses you.
The electric eel shoots out a bolt of lightning at you!
The bolt of electricity misses you.
The electric eel shoots out a bolt of lightning at you!
The bolt of electricity hits the electric eel.
The electric eel resists.
The bolt of electricity hits you!
* * * LOW HITPOINT WARNING * * *
The electric eel shoots out a bolt of lightning at you!
The bolt of electricity hits you!
* * * LOW HITPOINT WARNING * * *
The electric eel shoots out a bolt of lightning at you!
The bolt of electricity hits the electric eel.
The electric eel resists.
The bolt of electricity hits you!
The electric eel shoots out a bolt of lightning at you!
The bolt of electricity hits you!
You die...

.# ..#.).#.#[##..# ..#
######.#...#...#####.#.#
...........)............
...###...#.........#.#.#
#..†.....##.#......# #.# #####
#....#...##.#.######.#.# #...#
#....#...##.#........#.###.#.#
##'#.#...##.#..#.#####.....#.#
...#.....#......@......#####.#
##.####.>..##..#.#####...# #.#
.#.####.##.##..#.# #.### #.#
.#.............#.# #.# #.#
##..##..####.##.#####.#####.#
...........................#.#
. ≈..≈.≈ ......;.?..##.....#.#
..
..≈≈≈.≈≈..≈≈≈....#.....!#.###
..≈
≈≈≈≈≈≈≈≈≈≈;≈≈.....####.#...#


You could see an electric eel.

Vanquished Creatures
  A hydra (D:8)
  The ghost of Quirk the Shield-Bearer, an experienced FoFi (D:8)
  Pikel (D:4)
  The ghost of catsarecewl the Basher, an experienced OgBe of Trog (D:5)
  A troll (D:8)
  Menkaure (D:5)
  4 wolves (D:8)
  2 sky beasts
  An ice beast (D:7)
  A slave (D:4)
  3 black bears
  4 ogres
  2 phantoms
  An orc warrior (D:6)
  2 centaurs
  Sigmund (D:5)
  Duvessa (D:5)
  3 giant frogs
  Blork the orc (D:4)
  A gnoll sergeant (D:7)
  A scorpion (D:8)
  7 killer bees
  A crimson imp (D:5)
  Dowan (D:5)
  A centaur zombie (Ossuary)
  6 hounds
  2 orc priests
  A human zombie (Ossuary)
  Crazy Yiuf (D:5)
  A gnoll shaman (D:6)
  2 iguanas (D:7)
  6 orc wizards
  A killer bee zombie (D:8)
  7 worker ants
  2 big kobold zombies (Ossuary)
  A hound skeleton (D:5)
  6 mummies
  2 worker ant zombies
  7 gnolls
  A shadow imp (D:7)
  A giant mite (D:8)
  6 adders
  4 worms
  7 giant geckos
  3 oozes
  40 orcs
  2 bat skeletons (D:4)
  A bat zombie (D:7)
  5 giant cockroaches
  10 hobgoblins
  4 jackals (D:4)
  13 kobolds
  2 quokkas
  A ball python (D:1)
  5 bats
  4 giant newts
  10 goblins
  A hobgoblin zombie (Ossuary)
  2 kobold zombies (Ossuary)
  An orc zombie (Ossuary)
  A quokka skeleton (D:5)
  A quokka zombie (D:5)
  10 rats
  3 ballistomycetes (D:8)
227 creatures vanquished.

Vanquished Creatures (collateral kills)
  Maurice (D:8)
  A centaur (D:8)
  An electric eel (D:8)
3 creatures vanquished.

Vanquished Creatures (others)
  5 sheep (D:6)
  An orc (D:8)
  A giant spore (D:8)
  A rat (D:4)
8 creatures vanquished.

Grand Total: 238 creatures vanquished

Notes
Turn   | Place    | Note
--------------------------------------------------------------
     0 | D:1      | iRony, the Demonspawn Berserker, began the quest for the Orb.
     0 | D:1      | Reached XP level 1. HP: 18/18 MP: 1/1
   196 | D:1      | Gained mutation: You have sharp toenails. [demonic ancestry]
   196 | D:1      | Reached XP level 2. HP: 24/24 MP: 2/2
  1463 | D:3      | Reached XP level 3. HP: 21/30 MP: 3/3
  1822 | D:3      | Reached skill level 4 in Fighting
  2006 | D:3      | Acquired Trog's second power
  2033 | D:3      | Reached skill level 1 in Evocations
  2167 | D:3      | Gained mutation: You are immune to rotting. [demonic ancestry]
  2167 | D:3      | Reached XP level 4. HP: 37/37 MP: 4/4
  2601 | D:4      | Noticed Pikel
  2601 | D:4      | Noticed a slave
  2603 | D:4      | Noticed a slave
  2603 | D:4      | Noticed a slave
  2605 | D:4      | Noticed a slave
  2612 | D:4      | Killed a slave
  2623 | D:4      | Killed Pikel
  2623 | D:4      | Reached skill level 6 in Fighting
  2623 | D:4      | Gained mutation: You are partially covered in large bone plates (AC +2, SH +2). [demonic ancestry]
  2623 | D:4      | Reached XP level 5. HP: 21/46 MP: 4/7
  2623 | D:4      | Gained mutation: You have razor-sharp toenails. [demonic ancestry]
  2623 | D:4      | Reached XP level 6. HP: 23/52 MP: 5/9
  2623 | D:4      | Gained mutation: You emit a foul stench. [demonic ancestry]
  2623 | D:4      | Reached XP level 7. HP: 25/58 MP: 6/11
  3010 | D:4      | Found a staircase to the Ecumenical Temple.
  3097 | D:4      | Noticed Blork the orc
  3119 | D:4      | Killed Blork the orc
  3338 | D:5      | Entered Level 5 of the Dungeon
  3338 | D:5      | Noticed Duvessa
  3338 | D:5      | Noticed Dowan
  3425 | D:5      | Reached skill level 1 in Polearms
  3611 | D:5      | Noticed Sigmund
  3616 | D:5      | Killed Sigmund
  3647 | D:5      | Noticed Menkaure
  3665 | D:5      | Killed Menkaure
  3665 | D:5      | Reached skill level 7 in Fighting
  3665 | D:5      | Gained mutation: You radiate miasma. [demonic ancestry]
  3665 | D:5      | Reached XP level 8. HP: 30/67 MP: 12/12
  5197 | D:5      | Noticed catsarecewl's ghost (experienced OgBe)
  5209 | D:5      | Killed catsarecewl's ghost
  5403 | D:5      | Killed Duvessa
  5403 | D:5      | Gained mutation: Your flesh is cold resistant. [demonic ancestry]
  5403 | D:5      | Reached XP level 9. HP: 72/72 MP: 14/14
  5470 | D:5      | Killed Dowan
  6064 | D:5      | Noticed Crazy Yiuf
  6068 | D:5      | Killed Crazy Yiuf
  6068 | D:5      | Reached skill level 5 in Polearms
  6297 | D:5      | Gained mutation: You have a pair of small horns on your head. [potion of mutation]
  6297 | D:5      | Gained mutation: You heal slowly when monsters are visible. [potion of mutation]
  6297 | D:5      | Gained mutation: You occasionally shout uncontrollably at your foes. [potion of mutation]
  6475 | D:6      | Acquired Trog's third power
  7010 | D:6      | Reached skill level 5 in Armour
  7048 | D:6      | Found a shimmering altar of Xom.
  7341 | D:7      | Found Grul's Magic Scroll Shop.
  7347 | D:7      | Bought a scroll of enchant weapon for 120 gold pieces
  7347 | D:7      | Bought a scroll of identify for 32 gold pieces
  7347 | D:7      | Bought a scroll of remove curse for 48 gold pieces
  7418 | D:7      | Found Stieshua's Distillery.
  7933 | D:7      | Found Giabo's Jewellery Boutique.
  8026 | D:7      | Bought a potion of mutation for 30 gold pieces
  8026 | D:7      | Gained mutation: Your flesh is heat resistant. [potion of mutation]
  8026 | D:7      | Gained mutation: You have a beak for a mouth. [potion of mutation]
  8411 | D:7      | Found Thraasm's Jewellery Shoppe.
  8414 | D:7      | Bought a +2 ring of protection for 120 gold pieces
  8635 | D:8      | Noticed Quirk's ghost (experienced FoFi)
  8648 | D:8      | Killed Quirk's ghost
  8730 | D:8      | Reached XP level 10. HP: 55/79 MP: 15/15
  8989 | D:8      | Found a sand-covered staircase.
  9006 | Ossuary  | Entered an ossuary
  9049 | Ossuary  | Gained mutation: Your mind is acute. (Int +2) [potion of mutation]
  9093 | Ossuary  | Reached skill level 8 in Armour
  9351 | D:8      | Noticed a six-headed hydra
  9368 | D:8      | Killed an eight-headed hydra
  9381 | D:8      | fuck hydras
  9645 | D:8      | Noticed Maurice
  9652 | D:8      | Killed Maurice
 10015 | D:8      | Reached skill level 9 in Fighting
 10197 | D:8      | HP: 4/83 [electric eel/bolt of electricity (5)]
 10202 | D:8      | Killed from afar by an electric eel

Action                   |  1- 3 |  4- 6 |  7- 9 | 10-12 || total
-------------------------+-------+-------+-------+-------++-------
Melee: Falchion          |   133 |    41 |    67 |       ||   241
       Glaive            |       |       |   309 |   123 ||   432
       Whip              |       |       |    13 |       ||    13
Invok: Berserk           |     1 |     1 |     5 |     1 ||     8
       Trog's Hand       |       |       |     1 |     1 ||     2
       Brothers in Arms  |       |       |       |     1 ||     1
Evoke: Wand              |       |       |    13 |       ||    13
  Use: Scroll            |     6 |       |    17 |     1 ||    24
       Potion            |       |       |     4 |    10 ||    14
 Stab: Sleeping          |     1 |       |       |       ||     1
       Confused          |       |       |     1 |       ||     1
       Distracted        |       |       |       |     1 ||     1
  Eat: Chunk             |     5 |     1 |    14 |     2 ||    22
       Bread ration      |       |       |     1 |       ||     1
       Pizza             |       |       |     1 |     1 ||     2
       Meat ration       |       |       |     1 |     1 ||     2
       Fruit             |       |       |     1 |       ||     1
